Map: Moonlight Madness LE (Void)

Players

wabbajack

  • Race: Zerg Zerg
  • League: Gold

TheSwarm - Winner!

  • Race: Protoss Protoss
  • League: Grandmaster

VOD

Have the link to the VOD?

Description

Time

  • Played on: July 20, 2015, 2:10 p.m.
  • Length: 6:27
Show
View Real Time Build Order
Export as new Build Order

wabbajack Zerg 

Build Orders: Hatch First 

Get SALT Encoding   

  12  0:01  Drone  
  13  0:15  Overlord  
  13  0:17  Drone  
  14  0:23  Extractor  
  14  0:26  Drone  
  15  0:41  Drone x2  
  17  0:56  Hatchery  
  16  1:02  Extractor  
  16  1:04  Drone  
  16  1:05  Drone, Extractor  
  16  1:10  Drone  
  17  1:25  Spawning Pool  
  17  1:31  Drone  
  17  1:33  Drone  
  18  1:42  Drone  
  19  1:52  Overlord  
  19  2:12  Queen  
  19  2:14  Pneumatized Carapace  
  21  2:17  Metabolic Boost  
  21  2:27  Baneling Nest  
  20  2:33  Drone  
  21  2:43  Zergling x4  
  23  3:00  Queen  
  23  3:03  Zergling x4  
  23  3:04  Zergling x4  
  29  3:10  Zergling x4  
  31  3:16  Zergling x2  
  31  3:17  Zergling x2  
  33  3:20  Zergling x2  
  33  3:25  Overlord  
  34  3:35  Baneling  
  34  3:36  Baneling x3  
  31  3:53  Baneling x3  
  31  4:19  Zergling x2  
  31  4:20  Zergling x18  
  5  6:20  Hatchery  
Show
View Real Time Build Order
Export as new Build Order

TheSwarm Protoss - Winner!

Build Orders:  

Get SALT Encoding   

  12  0:01  Probe  
  13  0:15  Pylon  
  13  0:17  Probe  
  14  0:33  Probe (Chrono Boost)  
  14  0:35  Gateway  
  15  0:42  Probe (Chrono Boost)  
  16  0:50  Probe  
  16  0:51  Assimilator  
  17  1:02  Probe  
  17  1:03  Assimilator  
  18  1:05  Pylon  
  18  1:14  Probe  
  19  1:25  Cybernetics Core  
  19  1:26  Probe  
  20  1:37  Zealot  
  20  1:38  Probe  
  23  1:42  Gateway  
  23  2:02  Warp Gate (Chrono Boost)  
  23  2:04  Mothership Core  
  23  2:07  Gateway  
  25  2:08  Gateway  
  25  2:21  Gateway  
  25  2:26  Sentry  
  27  2:33  Pylon  
  27  2:35  Probe  
  28  2:46  Sentry  
  30  3:20  Pylon  
  30  3:21  Pylon  
  30  3:41  Zealot x3  
  32  3:42  Sentry x2  
  40  3:51  Forge  
  40  4:00  Probe, Pylon  
  41  4:07  Pylon  
  41  4:09  Zealot x2  
  45  4:10  Sentry x2  
  49  4:20  Zealot  
  29  4:39  Pylon  
Tags
 
Add a new tag
Caveats
  • Supply blocks, unpowered buildings, or Contaminate may cause inaccurate times.
  • Supply counts are checked every 10 seconds.